 Dungeon Sprint DCSS version 0.30-a0-830-gfe289a77b0 (webtiles) character file.

Game seed: 16187164666233489743

161694 retardedninja the Formicid Barricade (level 18, -13/177 HPs)
             Began as a Formicid Fighter on Feb 28, 2023.
             Was an Initiate of Gozag.
             Killed by divine providence
             ... invoked by a daeva
              (14 damage)
             ... in the Dungeon (Sprint V: "Ziggurat Sprint").
             The game lasted 00:23:43 (5405 turns).

retardedninja the Formicid Barricade (FoFi)         Turns: 5405, Time: 00:23:43

Health: -13/177    AC: 47    Str: 44    XL:     18   Next: 42%
Magic:  16/16      EV: 11    Int: 10    God:    Gozag
Gold:   10306      SH: 36    Dex: 13    Spells: 17/17 levels left

rFire   . . .      SeeInvis +    B - +16 obsidian axe {drain, demonic, Mesm Drain Fly SInv}
rCold   + . .      Faith    .    D - +18 shield of the Gong {Loud rN+ Will+ rCorr EV-5}
rNeg    + + .      Spirit   .    C - +15 Maxwell's patent armour {-Cast -Tele rElec Will+ rCorr}
rPois   +          Reflect  .    (helmet unavailable)
rElec   +          Harm     .    Q - +1 cloak of Starlight {*Dazzle EV+4 Stlth--}
rCorr   +          Rampage  .    I - +0 pair of gloves {Str+3}
Will    +++++      NoCast   +    w - +3 pair of mountain boots {steadfast, rC+} Stlth
                                 O - amulet "Netsuchi" {Acrobat Str+7}
HPRegen 0.49/turn                E - ring of Mydo {rPois Will+ Int+2}
MPRegen 0.15/turn                v - ring "Ufout" {Wiz rN+ Will+ Str+5}

@: gold aura, flying, mesmerised, glowing, studying 2 skills
A: permanent stasis, dig shafts and tunnels, antennae 3, four strong arms, low
MP 1
a: Dig, Renounce Religion, Potion Petition, Call Merchant, Bribe Branch


You were in the Dungeon.
You worshipped Gozag.
Gozag was extremely pleased with you.
You visited 1 branch You collected 33723 gold pieces.
You spent 4142 gold pieces at shops.
You paid 19275 gold pieces to Gozag.

Inventory:

Hand Weapons
 b - the +8 arc blade {discharge, rElec}
   (You bought it in a shop in the Dungeon)

   rElec:     It insulates you from electricity.
 t - the +8 demon blade "Leech" {evervamp, Harm Drain rN+}
   (You found it in the Dungeon)

   rN:        It protects you from negative energy.
   Drain:     It drains your maximum health when unequipped.
   Harm:      It increases damage dealt and taken.
 x - the +12 pair of quick blades "Gyre" and "Gimble" {protect}
   (You found it in the Dungeon)
 B - the +16 obsidian axe (weapon) {drain, demonic, Mesm Drain Fly SInv}
   (You found it in the Dungeon)

   Mesm:      Its wielder is mesmerised by any visible foes, and it cannot be
   unequipped while any foes are visible.
   SInv:      It lets you see invisible.
   Fly:       It grants you flight.
   Drain:     It drains your maximum health when unequipped.
 L - the +3 greatsling "Punk" {acid, rCorr}
   (You found it in the Dungeon)

   rCorr:     It protects you from acid and corrosion.
 R - the +8 longbow "Zephyr" {speed, Dex+3 SInv}
   (You found it in the Dungeon)

   Dex:       It affects your dexterity (+3).
   SInv:      It lets you see invisible.
Missiles
 a - a silver javelin
 y - a throwing net
Armour
 w - the +3 pair of mountain boots (worn) {steadfast, rC+}
   (You found it in the Dungeon)

   Steadfast: It prevents involuntary movement, except for blinking,
   teleportation, or banishment.
   rC:        It protects you from cold.
 C - the +15 Maxwell's patent armour (worn) {-Cast -Tele rElec Will+ rCorr}
   (You found it in the Dungeon)

   rElec:     It insulates you from electricity.
   -Cast:     It prevents spellcasting.
   -Tele:     It prevents most forms of teleportation.
   rCorr:     It protects you from acid and corrosion.
   Will:      It increases your willpower.
 D - the +18 shield of the Gong (worn) {Loud rN+ Will+ rCorr EV-5}
   (You found it in the Dungeon)

   Loud:      It is deafeningly noisy when blocking attacks.
   EV:        It affects your evasion (-5).
   rN:        It protects you from negative energy.
   rCorr:     It protects you from acid and corrosion.
   Will:      It increases your willpower.
 I - a +0 pair of gloves of strength (worn)
 Q - the +1 cloak of Starlight (worn) {*Dazzle EV+4 Stlth--}
   (You acquired it in the Dungeon)

   *Dazzle:   It may blind those who miss an attack against the wearer in melee
   combat.
   EV:        It affects your evasion (+4).
   Stlth:     It makes you much less stealthy.
Jewellery
 v - the ring "Ufout" (right hand) {Wiz rN+ Will+ Str+5}
   (You found it in the Dungeon)

   [ring of wizardry]

   It improves your spell success rate.
   Str:       It affects your strength (+5).
   rN:        It protects you from negative energy.
   Will:      It increases your willpower.
 E - the ring of Mydo (left hand) {rPois Will+ Int+2}
   (You found it in the Dungeon)

   [ring of poison resistance]

   Int:       It affects your intelligence (+2).
   rPois:     It protects you from poison.
   Will:      It increases your willpower.
 O - the amulet "Netsuchi" (around neck) {Acrobat Str+7}
   (You found it in the Dungeon)

   [amulet of the acrobat]

   It increases your evasion while moving and waiting.
   Str:       It affects your strength (+7).
Wands
 q - a wand of mindburst (7)
 r - a wand of iceblast (7)
 s - a wand of acid (7)
Scrolls
 h - a scroll of blinking
 m - 4 scrolls of amnesia
 n - 7 scrolls of fog
 p - 2 scrolls of fear
Potions
 d - 13 potions of might
 e - 16 potions of curing
 f - 3 potions of heal wounds
 g - 7 potions of magic
 i - 2 potions of brilliance
 j - 3 potions of invisibility
 k - 4 potions of resistance
 J - 3 potions of mutation
Miscellaneous
 c - a tin of tremorstones (inert)
 u - a phial of floods
 A - a lightning rod (4/4)
 F - a box of beasts
 G - a condenser vane (inert)
 K - a phantom mirror
 Y - a piece from Xom's chessboard (15/15)


   Skills:
 + Level 25.6 Fighting
 O Level 27 Axes
 + Level 25.9 Armour
 + Level 5.2 Dodging
 + Level 14.7 Stealth
 O Level 27 Shields
 + Level 26.0 Evocations


You had 17 spell levels left.
You didn't know any spells.
Your spell library contained the following spells:

 Spells                   Type           Power      Damage    Failure   Level
 Apportation              Tloc           0%         N/A       32%         1
 Beastly Appendage        Tmut           0%         N/A       32%         1
 Freeze                   Ice            0%         1d3       32%         1
 Kiss of Death            Conj/Necr      0%         2d5       32%         1
 Magic Dart               Conj           0%         1d3       32%         1
 Necrotise                Necr           0%         1d4       32%         1
 Summon Small Mammal      Summ           0%         N/A       32%         1
 Call Imp                 Summ           0%         N/A       43%         2
 Cigotuvi's Dreadful Rot  Necr/Pois/Air  0%         N/A       43%         2
 Ensorcelled Hibernation  Hex/Ice        0%         N/A       43%         2
 Momentum Strike          Conj/Tloc      0%         3d8       43%         2
 Passwall                 Tmut/Erth      0%         N/A       43%         2
 Static Discharge         Conj/Air       0%         2-2/arc   43%         2
 Sublimation of Blood     Necr           0%         N/A       43%         2
 Wereblood                Tmut           0%         N/A       43%         2
 Call Canine Familiar     Summ           0%         N/A       65%         3
 Ignite Poison            Fire/Tmut/Pois 0%         N/A       65%         3
 Mephitic Cloud           Conj/Pois/Air  0%         N/A       65%         3
 Ozocubu's Armour         Ice            0%         N/A       65%         3
 Portal Projectile        Hex/Tloc       0%         N/A       65%         3
 Spider Form              Tmut/Pois      0%         N/A       65%         3
 Stone Arrow              Conj/Erth      0%         3d7       65%         3
 Summon Guardian Golem    Hex/Summ       0%         N/A       65%         3
 Tukima's Dance           Hex            0%         N/A       65%         3
 Vhi's Electric Charge    Tloc/Air       0%         N/A       65%         3
 Airstrike                Air            0%         2d(0-16)  95%         4
 Anguish                  Hex/Necr       0%         N/A       95%         4
 Animate Armour           Summ/Erth      0%         N/A       95%         4
 Dispel Undead            Necr           0%         3d6       95%         4
 Flame Wave               Conj/Fire      0%         2d4       95%         4
 Leda's Liquefaction      Hex/Erth       0%         N/A       95%         4
 Olgreb's Toxic Radiance  Pois           0%         N/A       95%         4
 Passage of Golubria      Tloc           0%         N/A       95%         4
 Petrify                  Tmut/Erth      0%         N/A       95%         4
 Sticky Flame             Conj/Fire      0%         2d3       95%         4
 Agony                    Necr           0%         N/A       100%        5
 Alistair's Intoxication  Tmut/Pois      0%         N/A       100%        5
 Arcjolt                  Conj/Air       0%         1d10      100%        5
 Blade Hands              Tmut           0%         N/A       100%        5
 Borgnjor's Vile Clutch   Necr/Erth      0%         N/A       100%        5
 Fireball                 Conj/Fire      0%         3d3       100%        5
 Freezing Cloud           Conj/Ice/Air   0%         6-21      100%        5
 Irradiate                Conj/Tmut      0%         3d11      100%        5
 Iskenderun's Battlesphe  Conj           0%         2d6       100%        5
 Lee's Rapid Deconstruct  Erth           0%         3d4*      100%        5
 Metabolic Englaciation   Hex/Ice        0%         N/A       100%        5
 Silence                  Hex/Air        0%         N/A       100%        5
 Yara's Violent Unravell  Hex/Tmut       0%         3d3       100%        5
 Death Channel            Necr           0%         N/A       100%        6
 Eringya's Noxious Bog    Tmut/Pois      0%         N/A       100%        6
 Iron Shot                Conj/Erth      0%         9d1       100%        6
 Statue Form              Tmut/Erth      0%         N/A       100%        6
 Summon Cactus Giant      Summ           0%         N/A       100%        6
 Dragon Form              Tmut           0%         N/A       100%        7
 Haunt                    Necr/Summ      0%         N/A       100%        7
 Monstrous Menagerie      Summ           0%         N/A       100%        7
 Ozocubu's Refrigeration  Ice            0%         4d7       100%        7
 Spellforged Servitor     Conj/Summ      0%         N/A       100%        7
 Storm Form               Tmut/Air       0%         N/A       100%        7
 Summon Hydra             Summ           0%         N/A       100%        7
 Lehudib's Crystal Spear  Conj/Erth      0%         10d2      100%        8
 Maxwell's Capacitive Co  Air            0%         ∞         100%        8
 Necromutation            Tmut/Necr      0%         N/A       100%        8
 Polar Vortex             Ice            0%         N/A       100%        9
 Shatter                  Erth           0%         3d5*      100%        9
 Swiftness                Air            Unusable   N/A       N/A         3
 Simulacrum               Ice/Necr       Unusable   N/A       N/A         6

Dungeon Overview and Level Annotations

Branches:
Dungeon (1/1)

Altars:
Ashenzari
Cheibriados
Dithmenos
Elyvilon
Fedhas
Gozag
Hepliaklqana
Kikubaaqudgha
Makhleb
Nemelex Xobeh
Okawaru
Qazlal
Ru
Sif Muna
Trog
Uskayaw
Vehumet
Wu Jian
Xom
Yredelemnul
Zin
The Shining One
Jiyva
Lugonu

Shops:
D [?*!([[***!!(


Innate Abilities, Weirdness & Mutations

You cannot be hasted, slowed, berserked, paralysed or teleported.
You can dig through walls and to a lower floor.
You have a pair of large antennae on your head. (SInv)
Your four strong arms can wield two-handed weapons with a shield.
Your magical capacity is low. (-10% MP)


Message History

The daeva is struck by lightning.
The daeva calls down the wrath of the Shining One upon you.
The Shining One smites you!
* * * LOW HITPOINT WARNING * * *
The apis is struck by lightning.
The ophan is struck by lightning.
The daeva is struck by lightning.
The daeva calls down the wrath of the Shining One upon you.
The Shining One smites you!
* * * LOW HITPOINT WARNING * * *
The daeva shouts!
Your phantom mirror has recharged.
Your Evocations skill increases to level 26!
You feel much better.
Visions of slaying the angel flood into your mind.
You are engulfed in blessed fire.
An angel comes into view. It is wielding a +3 whip of holy wrath.
The pearl dragon is struck by lightning.
The angel is struck by lightning.
The angel is distracted by your dazzling golden aura.
The angel is struck by lightning.
An angel comes into view.
It is wielding a +1 whip of holy wrath and wearing a +1 scale mail of fire resistance.
The angel is struck by lightning.
The pearl dragon is struck by lightning. x3
The ophan is struck by lightning.
The daeva calls down the wrath of the Shining One upon you.
The Shining One smites you!
* * * LOW HITPOINT WARNING * * *
The daeva calls down the wrath of the Shining One upon you.
The Shining One smites you!
* * * LOW HITPOINT WARNING * * *
A cherub comes into view. It is wielding a +2 halberd of venom.
The daeva is struck by lightning.
A cherub comes into view.
It is wielding a +2 broad axe of flaming.
The daeva calls down the wrath of the Shining One upon you.
The Shining One smites you!
* * * LOW HITPOINT WARNING * * *
The daeva calls down the wrath of the Shining One upon you.
The Shining One smites you!
You die...
Your body crumbles into a pile of gold. ......▓ { { AA }..)..▓ §§§§§AAAA§Y§A§§ .})}).▓ §§ADAAAA§{A§Y§A )[")).▓ §YAA§AAA§.GA.§§ .=....▓ .GG.D.DDA.YAA..

)...∩.▓
.....AADD.A....
..∩∩∩.▓
.....§.Y.......
).∩∩∩.▓
......§A§......
......▓
......§@§......
......▓
......§§§......
......▓
...............
......▓
...............
......▓
..▓.........▓..
.▓....▓
.▓.▓.......▓.▓.
......▓
..▓.........▓..
......▓
...............
......▓
...............


You could see 5 apis, 10 daevas, 6 pearl dragons, 12 angels, 3 ophanim and 2
cherubim.

Vanquished Creatures
  An electric golem (D)
  12 titans (D)
  6 acid blobs (D)
  4 azure jellies (D)
  6 storm dragons (D)
  A shadow dragon (D)
  8 rockslimes (D)
  5 frost giants (D)
  6 fire giants (D)
  A ghoul (D)
  4 stone giants (D)
  An apis (D)
  3 dire elephants (D)
  A merfolk javelineer (D)
  6 ettins (D)
  7 merfolk impalers (D)
  6 hydras (D)
  A great orb of eyes (D)
  12 vault guards (D)
  9 spriggan air magi (D)
  2 boulder beetles (D)
  A merfolk aquamancer (D)
  An alligator snapping turtle (D)
  2 death yaks (D)
  2 spriggan berserkers (D)
  2 vampire magi (D)
  10 soul eaters (D)
  4 skeletal warriors (D)
  4 sea snakes (D)
  A glowing orange brain (D)
  A spriggan druid (D)
  3 necromancers (D)
  3 shining eyes (D)
  2 wolf spiders (D)
  2 elephants (D)
  12 cyclopes (D)
  3 manticores (D)
  2 merfolk sirens (D)
  9 eyes of devastation (D)
  A water nymph (D)
  4 black mambas (D)
  A demonic crawler (D)
  9 cane toads (D)
  3 rime drakes (D)
  A freezing wraith (D)
  4 komodo dragons (D)
  A guardian mummy (D)
  An ancient zyme (D)
  7 polar bears (D)
  8 wind drakes (D)
  3 merfolk (D)
  2 hornets (D)
  A raiju (D)
  2 snapping turtles (D)
  3 blink frogs (D)
  A flying skull (D)
  18 slime creatures (D)
  2 jumping spiders (D)
  4 spriggans (D)
  5 air elementals (D)
  A vampire (D)
  A ynoxinul (D)
  A water elemental (D)
  2 wyverns (D)
  4 yaks (D)
  5 golden eyes (D)
  A neqoxec (D)
  2 redbacks (D)
  A floating eye (D)
  7 water moccasins (D)
  2 black bears (D)
  2 orc warriors (D)
  A wolf (D)
  4 scorpions (D)
  A wight (D)
  2 crimson imps (D)
  2 jellies (D)
  An orc priest (D)
  An iron imp (D)
  2 orc wizards (D)
  3 mummies (D)
  2 white imps (D)
  An ufetubus (D)
  2 spectral adders (D)
  An adder zombie (D)
  An adder skeleton (D)
  An adder simulacrum (D)
  2 orcs (D)
  3 spectral bats (D)
  5 bat skeletons (D)
  A bat zombie (D)
  2 endoplasms (D)
  A jackal (D)
  3 ball python skeletons (D)
  A giant cockroach zombie (D)
  A jackal simulacrum (D)
  2 jackal skeletons (D)
  A jackal zombie (D)
  2 quokka skeletons (D)
  2 quokka zombies (D)
  A spectral ball python (D)
  A spectral giant cockroach (D)
  A spectral quokka (D)
330 creatures vanquished.

Vanquished Creatures (collateral kills)
  A titan (D)
  2 rockslimes (D)
  A fire giant (D)
  A frost giant (D)
  A vault guard (D)
  A wretched star (D)
  2 soul eaters (D)
  A large abomination (D)
  2 wolf spiders (D)
  A freezing wraith (D)
  A hornet (D)
  A slime creature (D)
  A spriggan (D)
  A yak (D)
  A water moccasin (D)
  A scorpion (D)
  3 jellies (D)
  An iron imp (D)
  A mummy (D)
  An adder (D)
  An orc (D)
  A ball python (D)
  3 endoplasms (D)
  A jackal zombie (D)
31 creatures vanquished.

Vanquished Creatures (others)
  A frost giant (D)
1 creature vanquished.

Grand Total: 362 creatures vanquished

Notes
Turn   | Place    | Note
-------+----------+-------------------------------------------
     0 | D        | retardedninja the Formicid Fighter began the quest for the
                  | Orb.
     0 | D        | Reached XP level 1. HP: 18/18 MP: 1/1
     4 | D        | Found a blossoming altar of Fedhas.
     4 | D        | Found the +6 Majin-Bo {spellvamp, MP+6 Int+6}
     4 | D        | Found the +27 heavy crossbow "Sniper" {heavy, Acc+∞ SInv}
     4 | D        | Found the +10 dark maul {heavy}
     4 | D        | Found the +15 Maxwell's patent armour {-Cast -Tele rElec
                  | Will+ rCorr}
     4 | D        | Found the +18 shield of the Gong {Loud rN+ Will+ rCorr
                  | EV-5}
     4 | D        | Found the +16 obsidian axe {drain, demonic, Mesm Drain Fly
                  | SInv}
     4 | D        | Found the +7 great mace "Firestarter" {flame, inner flame,
                  | rFlCloud rF++}
     4 | D        | Found the +6 shillelagh "Devastator" {shatter}
     4 | D        | Found the +11 plutonium sword {Contam Stlth-}
     4 | D        | Found the +8 lance "Wyrmbane" {slay drac, rPois rF+ rC+
                  | AC+3}
     4 | D        | Found the +9 sword of Zonguldrok {reap}
     4 | D        | Found the +13 scythe of Curses {drain, curses, Drain}
     4 | D        | Found the +9 sword of Power {lifebolt}
     4 | D        | Found the +7 mace of Variability {chaos, chain chaos}
     4 | D        | Found the +11 Singing Sword {sonic wave}
     4 | D        | Found the +8 storm bow {elec, penet}
     5 | D        | Found a shimmering blue altar of Sif Muna.
     5 | D        | Found a sacrificial altar of Ru.
     5 | D        | Found a bloodstained altar of Trog.
     5 | D        | Found a stormy altar of Qazlal.
     5 | D        | Found an iron altar of Okawaru.
     5 | D        | Found a sparkling altar of Nemelex Xobeh.
     7 | D        | Found a transporter.
     7 | D        | Found an ancient bone altar of Kikubaaqudgha.
     7 | D        | Found a viscous altar of Jiyva.
     7 | D        | Found a corrupted altar of Lugonu.
     7 | D        | Found a hazy altar of Hepliaklqana.
     7 | D        | Found a burning altar of Makhleb.
     7 | D        | Found an opulent altar of Gozag.
    73 | D        | Became a worshipper of Gozag Ym Sagoz the Greedy
    82 | D        | Entered arena 2.
    82 | D        | Noticed a yak
    82 | D        | Found a transporter.
    88 | D        | Killed a yak
    89 | D        | Reached XP level 2. HP: 29/29 MP: 2/2
    89 | D        | Reached XP level 3. HP: 35/35 MP: 3/3
    89 | D        | Reached XP level 4. HP: 41/41 MP: 4/4
    89 | D        | Reached XP level 5. HP: 47/47 MP: 5/5
   110 | D        | Entered arena 3.
   110 | D        | Found a transporter.
   131 | D        | Entered arena 4.
   131 | D        | Noticed a water moccasin
   131 | D        | Noticed a water moccasin
   131 | D        | Found a transporter.
   134 | D        | Killed a water moccasin
   135 | D        | Reached skill level 10 in Shields
   135 | D        | Reached XP level 6. HP: 56/56 MP: 6/6
   135 | D        | Killed a water moccasin
   136 | D        | Reached XP level 7. HP: 63/63 MP: 7/7
   155 | D        | Entered arena 5.
   155 | D        | Noticed an air elemental
   155 | D        | Noticed an air elemental
   155 | D        | Noticed an air elemental
   155 | D        | Noticed an air elemental
   155 | D        | Found a transporter.
   159 | D        | Killed an air elemental
   160 | D        | Reached skill level 5 in Axes
   161 | D        | Killed an air elemental
   161 | D        | Killed an air elemental
   161 | D        | Killed an air elemental
   162 | D        | Reached skill level 10 in Fighting
   162 | D        | Reached skill level 10 in Armour
   162 | D        | Reached skill level 1 in Evocations
   162 | D        | Reached XP level 8. HP: 31/73 MP: 8/8
   463 | D        | Entered arena 6.
   463 | D        | Found a transporter.
   487 | D        | Entered arena 7.
   487 | D        | Noticed a wolf spider
   487 | D        | Noticed a wolf spider
   489 | D        | Found a transporter.
   491 | D        | Reached XP level 9. HP: 81/81 MP: 9/9
   491 | D        | Killed a wolf spider
   491 | D        | Killed a wolf spider
   735 | D        | Entered arena 8.
   735 | D        | Noticed a guardian mummy
   736 | D        | Found a transporter.
   740 | D        | Killed a guardian mummy
   741 | D        | Reached XP level 10. HP: 86/89 MP: 10/10
   961 | D        | Got the amulet of Bale {Acrobat rPois Dex+3}
   965 | D        | Got the ring of Wer Kado {Fly Dex+3}
   981 | D        | Entered arena 9.
   981 | D        | Noticed a wolf spider
   981 | D        | Noticed a wolf spider
   986 | D        | Killed a wolf spider
   990 | D        | Killed a wolf spider
   991 | D        | Found a transporter.
  1189 | D        | Entered arena 10.
  1190 | D        | Found a transporter.
  1224 | D        | Entered arena 11.
  1224 | D        | Noticed a spriggan rider
  1224 | D        | Noticed a spriggan druid
  1224 | D        | Noticed a spriggan rider
  1224 | D        | Noticed a spriggan rider
  1226 | D        | Reached skill level 10 in Axes
  1227 | D        | Reached XP level 11. HP: 98/98 MP: 11/11
  1227 | D        | Killed a spriggan druid
  1228 | D        | Reached skill level 15 in Armour
  1230 | D        | Found a transporter.
  1497 | D        | Got the Book of Combined Snow
  1514 | D        | Entered arena 12.
  1514 | D        | Noticed a five-headed hydra
  1519 | D        | Reached skill level 5 in Evocations
  1522 | D        | Killed a seven-headed hydra
  1523 | D        | Reached skill level 1 in Dodging
  1523 | D        | Found a transporter.
  1685 | D        | Got the ring "Ivi Pesa" {Str+3 Int+6}
  1697 | D        | Entered arena 13.
  1697 | D        | Noticed a spriggan berserker
  1697 | D        | Noticed a spriggan air mage
  1697 | D        | Noticed a spriggan berserker
  1699 | D        | Noticed an elephant
  1700 | D        | Noticed a death yak
  1701 | D        | Killed a spriggan air mage
  1702 | D        | Killed a spriggan berserker
  1702 | D        | Killed a spriggan berserker
  1703 | D        | Reached XP level 12. HP: 106/107 MP: 12/12
  1706 | D        | Reached skill level 15 in Axes
  1849 | D        | Found a transporter.
  1876 | D        | Got the ring "Ineuxt" {Wiz rC- Str+5}
  1878 | D        | Got the ring of the Special Ghosts {rC++ rN+ Int+3 Dex+4}
  1885 | D        | Entered arena 14.
  1886 | D        | Noticed a skeletal warrior
  1886 | D        | Noticed a skeletal warrior
  1886 | D        | Noticed a vampire mage
  1886 | D        | Noticed a skeletal warrior
  1887 | D        | Noticed a skeletal warrior
  1887 | D        | Noticed a vampire mage
  1887 | D        | Identified the +6 dagger of False Hope {freeze, rCorr}
  1890 | D        | Killed a vampire mage
  1892 | D        | Killed a skeletal warrior
  1896 | D        | Found a transporter.
  1899 | D        | Killed a skeletal warrior
  1902 | D        | Killed a skeletal warrior
  1902 | D        | Killed a skeletal warrior
  1904 | D        | Killed a vampire mage
  1953 | D        | Acquired a manual of Fighting
  1960 | D        | Entered arena 15.
  1961 | D        | Noticed a rockslime
  1962 | D        | Noticed a rockslime
  1962 | D        | Noticed a rockslime
  1968 | D        | Killed a rockslime
  1970 | D        | Killed a rockslime
  1971 | D        | Reached skill level 15 in Fighting
  1971 | D        | Reached XP level 13. HP: 116/116 MP: 13/13
  1975 | D        | Killed a rockslime
  1977 | D        | Found a transporter.
  2087 | D        | Got the amulet "Esaq" {Regen+ Str+3}
  2096 | D        | Entered arena 16.
  2097 | D        | Noticed a vault guard
  2097 | D        | Noticed a vault guard
  2097 | D        | Noticed a vault guard
  2097 | D        | Noticed a vault guard
  2097 | D        | Noticed a vault guard
  2097 | D        | Noticed a vault guard
  2097 | D        | Noticed a vault guard
  2097 | D        | Noticed a vault guard
  2097 | D        | Noticed a vault guard
  2097 | D        | Noticed a vault guard
  2097 | D        | Noticed a vault guard
  2098 | D        | Noticed a vault guard
  2098 | D        | Noticed a shadow dragon
  2098 | D        | Noticed a vault guard
  2101 | D        | Killed a vault guard
  2103 | D        | Killed a vault guard
  2103 | D        | Killed a vault guard
  2103 | D        | Killed a vault guard
  2103 | D        | Killed a vault guard
  2104 | D        | Killed a vault guard
  2105 | D        | Killed a vault guard
  2106 | D        | Found a transporter.
  2107 | D        | Killed a vault guard
  2107 | D        | Killed a vault guard
  2108 | D        | Killed a vault guard
  2109 | D        | Killed a vault guard
  2110 | D        | Killed a vault guard
  2111 | D        | Killed a vault guard
  2120 | D        | Killed a shadow dragon
  2283 | D        | Got the Vademecum on the Grey Summer
  2301 | D        | Entered arena 17.
  2304 | D        | Found the +12 pair of quick blades "Gyre" and "Gimble"
                  | {protect}
  2304 | D        | Found the +3 pair of mountain boots {steadfast, rC+}
  2305 | D        | Found the +8 demon blade "Leech" {evervamp, Harm Drain rN+}
  2327 | D        | Reached XP level 14. HP: 129/129 MP: 14/14
  2344 | D        | Found a transporter.
  2359 | D        | Got the amulet of the Original Sin {Acrobat Int+3}
  2367 | D        | Got the Almanac of Perfectionism
  2430 | D        | Reached XP level 15. HP: 136/136 MP: 15/15
  2433 | D        | Entered arena 18.
  2445 | D        | Found a transporter.
  2695 | D        | Got the ring "Ifoubby" {+Blink Int+5 SInv}
  2732 | D        | Entered arena 19.
  2735 | D        | Noticed a rockslime
  2735 | D        | Noticed a rockslime
  2735 | D        | Noticed an acid blob
  2736 | D        | Noticed an azure jelly
  2736 | D        | Noticed an acid blob
  2736 | D        | Noticed an azure jelly
  2736 | D        | Noticed a rockslime
  2736 | D        | Gained mutation: Your magical capacity is low. (-10% MP) [a
                  | shining eye]
  2739 | D        | Killed an acid blob
  2742 | D        | Killed an acid blob
  2743 | D        | Reached skill level 1 in Stealth
  2745 | D        | Reached skill level 10 in Evocations
  2746 | D        | Killed an azure jelly
  2749 | D        | Killed a rockslime
  2749 | D        | Killed an azure jelly
  2751 | D        | Killed a rockslime
  2760 | D        | Killed a rockslime
  2995 | D        | Found a transporter.
  3021 | D        | Got the ring "Hum Gyb" {rC+ Str+3 Int+2}
  3025 | D        | Got the Incunable of the Gestalt and Freezing
  3029 | D        | Got the Vellum of Energy and the Lungs
  3035 | D        | Got the ring of Mydo {rPois Will+ Int+2}
  3064 | D        | Bought a potion of curing for 39 gold pieces
  3064 | D        | Bought 2 potions of might for 104 gold pieces
  3064 | D        | Bought a potion of might for 52 gold pieces
  3064 | D        | Bought a potion of curing for 39 gold pieces
  3064 | D        | Bought a potion of curing for 39 gold pieces
  3064 | D        | Bought a potion of invisibility for 104 gold pieces
  3064 | D        | Bought a potion of curing for 39 gold pieces
  3068 | D        | Bought a potion of mutation for 136 gold pieces
  3070 | D        | Bought a phantom mirror for 680 gold pieces
  3079 | D        | Entered arena 20.
  3085 | D        | Noticed a ghoul
  3085 | D        | Found the +3 greatsling "Punk" {acid, rCorr}
  3096 | D        | Killed a ghoul
  3103 | D        | Found a transporter.
  3187 | D        | Entered arena 21.
  3191 | D        | Noticed a titan
  3192 | D        | Noticed a storm dragon
  3192 | D        | Noticed a storm dragon
  3192 | D        | Noticed a storm dragon
  3192 | D        | Noticed a titan
  3192 | D        | Noticed an electric golem
  3192 | D        | Identified the +9 mace "Ditifab" {pain, rElec Str+2 Int-2}
  3192 | D        | Noticed a titan
  3192 | D        | Noticed a storm dragon
  3193 | D        | Noticed a storm dragon
  3194 | D        | Noticed a storm dragon
  3200 | D        | Killed a titan
  3201 | D        | Killed a titan
  3202 | D        | Reached XP level 16. HP: 84/150 MP: 14/14
  3202 | D        | Killed a storm dragon
  3204 | D        | Killed a storm dragon
  3205 | D        | Killed an electric golem
  3206 | D        | Reached skill level 5 in Stealth
  3206 | D        | Killed a titan
  3206 | D        | Killed a storm dragon
  3207 | D        | Reached skill level 27 in Shields
  3209 | D        | Killed a storm dragon
  3211 | D        | Found a transporter.
  3212 | D        | Killed a storm dragon
  3213 | D        | Killed a storm dragon
  3498 | D        | Got the Handbook of Dark Detritus
  3500 | D        | Got the Omnibus of the Called Snake
  3539 | D        | Got the amulet "Netsuchi" {Acrobat Str+7}
  3566 | D        | Got the ring "Ufout" {Wiz rN+ Will+ Str+5}
  3596 | D        | Entered arena 22.
  3601 | D        | Identified the +3 halberd of the Teaching Gods {speed, rF+}
  3602 | D        | Identified the +2 leather armour of Beogh's Brutal Revenge
                  | {rElec SInv}
  3602 | D        | Identified the +7 war axe of Qazlal's Displeasure {flame,
                  | Will+}
  3608 | D        | Reached skill level 15 in Evocations
  3823 | D        | Found a transporter.
  3850 | D        | Got the Catalogue of Stoicism
  3890 | D        | Got the Atlas of Glamour and Forms
  3955 | D        | Entered arena 23.
  3961 | D        | Noticed an acid blob
  3961 | D        | Noticed an azure jelly
  3961 | D        | Found the +3 giant club "Skullcrusher" {speed, Str+7}
  3962 | D        | Noticed an acid blob
  3962 | D        | Noticed a rockslime
  3962 | D        | Noticed an acid blob
  3962 | D        | Noticed a rockslime
  3962 | D        | Noticed an acid blob
  3963 | D        | Noticed an azure jelly
  3964 | D        | Killed an azure jelly
  3965 | D        | Noticed a rockslime
  3965 | D        | Killed an acid blob
  3965 | D        | Killed an acid blob
  3966 | D        | Noticed a rockslime
  3966 | D        | Killed an acid blob
  3967 | D        | Killed an acid blob
  3968 | D        | Reached skill level 27 in Axes
  3969 | D        | Reached XP level 17. HP: 111/162 MP: 15/15
  3980 | D        | Reached skill level 10 in Stealth
  4276 | D        | Found a transporter.
  4329 | D        | Got the Information on Terrestrial Accompaniment
  4356 | D        | Got the ring "Toucweruy" {rElec rN+}
  4359 | D        | Got the ring of Sazicw {Wiz Int+3}
  4434 | D        | Entered arena 24.
  4440 | D        | Found the +8 longbow "Zephyr" {speed, Dex+3 SInv}
  4725 | D        | Found a transporter.
  4752 | D        | Got the amulet "Camp" {RegenMP Rampage Fragile Dex+2}
  4779 | D        | Got the amulet of Descent {Spirit Will+}
  4854 | D        | Acquired the +1 cloak of Starlight {*Dazzle EV+4 Stlth--}
  4854 | D        | Found the +1 cloak of Starlight {*Dazzle EV+4 Stlth--}
  4874 | D        | Entered arena 25.
  4881 | D        | Noticed a titan
  4881 | D        | Noticed a titan
  4881 | D        | Noticed a titan
  4881 | D        | Found the +8 Vampire's Tooth {megavamp}
  4881 | D        | Noticed a titan
  4882 | D        | Noticed a titan
  4882 | D        | Noticed a titan
  4882 | D        | Noticed a titan
  4882 | D        | Noticed a titan
  4882 | D        | Noticed a titan
  4884 | D        | Identified the +0 troll leather armour of Yrchecsi {rF+
                  | Regen+ Int+3}
  4885 | D        | Noticed a titan
  4895 | D        | Killed a titan
  4895 | D        | Killed a titan
  4895 | D        | Killed a titan
  4896 | D        | Killed a titan
  4897 | D        | Reached XP level 18. HP: 32/175 MP: 16/16
  4900 | D        | Killed a titan
  4902 | D        | Killed a titan
  4903 | D        | Killed a titan
  4904 | D        | Killed a titan
  4905 | D        | Reached skill level 5 in Dodging
  4907 | D        | Killed a titan
  4912 | D        | Killed a titan
  4954 | D        | Found a transporter.
  5218 | D        | Got the ring of Gynos {rF++ rCorr MP-9 Int-3 Stlth+}
  5228 | D        | Got Sif Muna's Lessons on Changing Company
  5230 | D        | Got the amulet of Plog {Reflect +Blink Dex-3 SH+5 SInv}
  5283 | D        | Got the ring "Ywkaf" {MP+9 Str-2 Int+4 SInv}
  5310 | D        | Got the Verses on Fulgurant Phlogiston
  5374 | D        | Bought a potion of mutation for 144 gold pieces
  5374 | D        | Bought a potion of mutation for 144 gold pieces
  5374 | D        | Bought a potion of might for 72 gold pieces
  5374 | D        | Bought a potion of might for 72 gold pieces
  5374 | D        | Bought a potion of curing for 54 gold pieces
  5374 | D        | Bought a potion of curing for 54 gold pieces
  5374 | D        | Bought a potion of heal wounds for 90 gold pieces
  5380 | D        | Bought the +8 arc blade {discharge, rElec} for 2280 gold
                  | pieces
  5380 | D        | Found the +8 arc blade {discharge, rElec}
  5392 | D        | Entered arena 26.
  5401 | D        | Noticed a pearl dragon
  5401 | D        | Noticed a pearl dragon
  5401 | D        | Noticed a pearl dragon
  5402 | D        | Noticed a pearl dragon
  5402 | D        | Noticed a pearl dragon
  5403 | D        | Noticed a pearl dragon
  5403 | D        | Identified the +8 triple crossbow of Kiuvvora {flame, rPois
                  | rF+ Str+3 Int+5}
  5404 | D        | Noticed a pearl dragon
  5405 | D        | HP: 1/177 [daeva/divine providence (9)]
  5405 | D        | Killed from afar by a daeva

Illustrated notes

Levels and vault maps discovered:
D:        sprint_v [room_start, room_1, room_2, room_3, room_4, room_5, room_6,
          room_7, room_8, room_9, room_10, room_11, room_12, room_13, room_14,
          room_15, room_16, room_17, room_18, room_19, room_20, room_21,
          room_22, room_23, room_24, room_25, room_26, room_27]

Skill      XL: |  1  2  3  4  5  6  7  8  9 10 11 12 13 14 15 16 17 18 |
---------------+-------------------------------------------------------+-----
Fighting       | 6 8 10 11 12 13 14 15 17 20 22 24 25 | 25.6
Axes           | 3 4 6 8 10 14 18 21 22 24 27 | 27.0
Armour         | 7 8 9 10 11 13 14 16 17 18 20 24 25 | 25.9
Shields        | 8 10 13 14 16 18 20 21 22 26 27 | 27.0
Evocations     | 1 2 4 6 7 9 12 17 23 26 | 26.0
Dodging        | 1 2 3 4 5 |  5.2
Stealth        | 4 8 13 14 | 14.7

Action                     |  1- 3 |  4- 6 |  7- 9 | 10-12 | 13-15 | 16-18 || total
---------------------------+-------+-------+-------+-------+-------+-------++-------
  Melee: Broad axe         |     5 |     5 |     8 |    33 |    55 |    33 ||   139
 Invoke: Call Merchant     |       |       |       |       |     6 |     7 ||    13
         Potion Petition   |       |       |       |       |     2 |     2 ||     4
  Evoke: Tin of tremorston |       |       |     2 |     5 |    15 |    23 ||    45
         Condenser vane    |       |       |     2 |     7 |     8 |    12 ||    29
         Phantom mirror    |       |       |       |       |     1 |     2 ||     3
         Box of beasts     |       |       |       |       |     1 |       ||     1
         Lightning rod     |       |       |       |       |     1 |       ||     1
         Phial of floods   |       |       |       |       |       |     1 ||     1
    Use: Scroll            |       |     1 |       |     1 |     1 |     1 ||     4
         Potion            |       |       |       |       |     4 |     6 ||    10
   Stab: Distracted        |       |       |       |       |     2 |     2 ||     4
 Armour: Plate armour      |     2 |     2 |    22 |    19 |    36 |    59 ||   140
  Dodge: Dodged            |     1 |       |       |     6 |    10 |       ||    17
  Block: Kite shield       |     5 |     5 |    21 |    76 |    92 |    65 ||   264

Table legend: (Time is in decaauts)
 A = Elapsed time spent in this place.
 B = Non-inter-level travel time spent in this place.
 C = Inter-level travel time spent in this place.
 D = Time resting spent in this place.
 E = Time spent auto-exploring this place.
 F = Levels seen in this place.
 G = Mean time per level.
                   A        B        C        D        E       F      G
               +--------+--------+--------+--------+--------+-----+--------+
         Total |   5384 |   5371 |     13 |   3297 |    434 |   1 | 5384.0 |
       Dungeon |   5384 |   5371 |     13 |   3297 |    434 |   1 | 5384.0 |
               +--------+--------+--------+--------+--------+-----+--------+

Top non-repeatable levels by time:
       D: 5384 daAuts
